 Dungeon Crawl Stone Soup version 0.27.1-4-g1640c2035a (webtiles) character file.

Game seed: 2451503204871019017

42595 raph the Geomancer (level 13, -20/75 HPs)
             Began as a Deep Elf Earth Elementalist on Nov 1, 2021.
             Was an Elder of Sif Muna.
             Demolished by an enormous slime creature (65 damage)
             ... on level 12 of the Dungeon.
             The game lasted 00:53:27 (27845 turns).

raph the Geomancer (Deep Elf Earth Elementalist)   Turns: 27845, Time: 00:53:27

Health: -20/75     AC: 10    Str:  8    XL:     13   Next: 86%
Magic:  5/29       EV: 16    Int: 30    God:    Sif Muna [****..]
Gold:   746        SH:  0    Dex: 17    Spells: 1/33 levels left

rFire    . . .     SeeInvis .   m - +1 rapier (spect)
rCold    . . .     Faith    .   (no shield)
rNeg     + + .     Spirit   .   J - +1 leather armour of a wizard's laboratory {rN++ Str+3 Slay+3}
rPois    .         Reflect  .   j - +2 helmet
rElec    .         Harm     .   L - +2 cloak {Will+}
rCorr    .         Rampage  .   (no gloves)
Will     ++...                  (no boots)
Stlth    ++++......             o - amulet of the acrobat
HPRegen  0.22/turn              h - ring of wizardry
MPRegen  0.21/turn              A - +6 ring of intelligence

@: no status effects
A: no striking features
a: Renounce Religion, Channel Magic, Forget Spell, Divine Exegesis


You were on level 12 of the Dungeon.
You worshipped Sif Muna.
Sif Muna was greatly pleased with you.
You visited 3 branches of the dungeon, and saw 19 of its levels.
You also visited: Sewer.

You collected 1097 gold pieces.
You spent 351 gold pieces at shops.

Inventory:

Hand Weapons
 a - a +0 dagger
 d - a +0 short sword of protection
 e - a +2 short sword of speed
 i - a +1 dagger of venom
 m - a +1 spectral rapier (weapon)
 p - a +0 rapier
 w - a +2 short sword of draining
 C - a +4 dagger of venom
Missiles
 c - 215 stones
 D - 8 throwing nets
Armour
 j - a +2 helmet (worn)
 z - a +2 robe of cold resistance
 J - the +1 leather armour of a wizard's laboratory (worn) {rN++ Str+3 Slay+3}
   (You found it on level 1 of the Lair of Beasts)

   Str:       It affects your strength (+3).
   Slay:      It affects your accuracy & damage with ranged weapons and melee
   (+3).
   rN:        It greatly protects you from negative energy.
 L - a +2 cloak of willpower (worn)
 P - +0 steam dragon scales
Jewellery
 h - a ring of wizardry (left hand)
 o - an amulet of the acrobat (around neck)
 A - a +6 ring of intelligence (right hand)
 N - a ring of protection from fire
 R - a ring of protection from fire
 T - a +4 ring of protection
 W - a ring of ice
Wands
 b - a wand of digging (12)
 t - a wand of polymorph (20)
 x - a wand of iceblast (48)
 y - a wand of flame (49)
 E - a wand of mindburst (15)
 I - a wand of acid (8)
Scrolls
 k - 9 scrolls of teleportation
 l - a scroll of summoning
 u - a scroll of fog
 K - 2 scrolls of blinking
 U - 2 scrolls of identify
 V - 2 scrolls of enchant armour
 X - a scroll of fear
Potions
 f - 3 potions of mutation
 g - 8 potions of curing
 n - 5 potions of cancellation
 q - 3 potions of magic
 r - 2 potions of invisibility
 s - 5 potions of haste
 v - 4 potions of might
 B - 2 potions of brilliance
 F - a potion of berserk rage
 G - 2 potions of resistance
 H - 7 potions of flight
 O - 2 potions of attraction
 S - a potion of lignification
Miscellaneous
 M - a box of beasts
 Q - a phial of floods


   Skills:
 + Level 6.3 Fighting
 * Level 5.5 Short Blades
 + Level 1.3 Armour
 + Level 9.5 Dodging
 + Level 10.4 Stealth
 + Level 10.6 Spellcasting
 * Level 10.2 Conjurations
 + Level 0.8 Translocations
 - Level 1.1 Transmutations
 * Level 12.3 Earth Magic
 + Level 8.1 Poison Magic
 * Level 8.6 Invocations


You had one spell level left.
You knew the following spells:

 Your Spells              Type           Power      Damage    Failure   Level
a - Sandblast             Erth           100%       2d20      1%          1
b - Passwall              Tmut/Erth      45%        N/A       1%          2
c - Stone Arrow           Conj/Erth      100%       3d13      1%          3
d - Iskenderun's Battles  Conj           67%        2d12      1%          5
e - Petrify               Tmut/Erth      54%        N/A       1%          4
f - Olgreb's Toxic Radia  Pois           59%        N/A       1%          4
g - Iron Shot             Conj/Erth      35%        9d7       2%          6
h - Apportation           Tloc           42%        N/A       1%          1
i - Mephitic Cloud        Conj/Pois/Air  51%        N/A       1%          3
j - Gell's Gravitas       Tloc           10%        N/A       4%          3

Your spell library contained the following spells:

 Spells                   Type           Power      Damage    Failure   Level
 Foxfire                  Conj/Fire      100%       2x1d9     1%          1
 Pain                     Necr           60%        1d7       1%          1
 Sting                    Tmut/Pois      100%       1d8       1%          1
 Poisonous Vapours        Pois/Air       80%        N/A       1%          2
 Searing Ray              Conj           100%       3d7       1%          2
 Animate Armour           Summ/Erth      100%       N/A       1%          4
 Teleport Other           Tloc           21%        N/A       4%          3
 Alistair's Intoxication  Tmut/Pois      28%        N/A       8%          5
 Statue Form              Tmut/Erth      36%        N/A       17%         6
 Agony                    Necr           15%        N/A       45%         5
 Excruciating Wounds      Necr           7%         N/A       45%         5
 Lehudib's Crystal Spear  Conj/Erth      35%        10d9      71%         8
 Dispersal                Tloc           10%        N/A       86%         6
 Spellforged Servitor     Conj/Summ      23%        N/A       86%         7
 Invisibility             Hex            7%         N/A       94%         6
 Ozocubu's Refrigeration  Ice            7%         4d6       100%        7
 Ignition                 Fire           7%         3d5       100%        8


Dungeon Overview and Level Annotations

Branches:
Dungeon (12/15)            Temple (1/1) D:6            Lair (6/6) D:8
 Shoals (0/4) Lair:2       Spider (0/4) Lair:4        Slime (0/5) Lair:6
    Orc (0/2) D:12          Sewer (visited)

Altars:
Ashenzari
Cheibriados
Dithmenos
Elyvilon
Fedhas
Gozag
Hepliaklqana
Kikubaaqudgha
Makhleb
Nemelex Xobeh
Okawaru
Qazlal
Ru
Sif Muna
Trog
Uskayaw
Vehumet
Wu Jian
Xom
Yredelemnul
Zin
The Shining One
Beogh

Shops:
D:3 *   D:4 *   D:11 ?

Portals:
Trove: D:11 (give 14 scrolls of teleportation)

Annotations:
D:1 apport
D:5 3 runed translucent doors, YannSP's ghost, novice OpTm
D:7 1 runed translucent door, exclusion: hydra, othur's ghost, novice MiFi
Lair:3 3 runed translucent doors, Foabaekk's ghost, journeyman GrMo


Message History

Okay, then.
Two slime creatures merge to form an enormous slime creature.
Found a stone staircase leading up.
Aiming: Sandblast (safe; 1% risk of failure)
Press: ? - help, Q - select action, (/) - cycle Shift-Dir - straight line, f - enormous slime creature
Aim: an enormous slime creature (lightly wounded, 96% to hit)
The blast of sand hits the enormous slime creature!!
The enormous slime creature is moderately wounded.
Aiming: Sandblast (safe; 1% risk of failure)
Press: ? - help, Q - select action, (/) - cycle Shift-Dir - straight line, f/p - enormous slime creature
Aim: an enormous slime creature (moderately wounded, 96% to hit)
The blast of sand hits the enormous slime creature!!
The enormous slime creature is moderately wounded.
Aiming: Sandblast (safe; 1% risk of failure)
Press: ? - help, Q - select action, (/) - cycle Shift-Dir - straight line, f/p - enormous slime creature
Aim: an enormous slime creature (moderately wounded, 96% to hit)
The blast of sand hits the enormous slime creature!!
The enormous slime creature is heavily wounded.
The enormous slime creature hits you!!
Aiming: Sandblast (safe; 1% risk of failure)
Press: ? - help, Q - select action, (/) - cycle Shift-Dir - straight line, f/p - enormous slime creature
Aim: an enormous slime creature (heavily wounded, 96% to hit)
The blast of sand hits the enormous slime creature!!
The enormous slime creature is heavily wounded.
The enormous slime creature hits you!
Casting: Sandblast (safe; 1% risk of failure)
Confirm with . or Enter, or press ? or * to list all spells.
Aiming: Gell's Gravitas (dangerous; 4% risk of failure)
Press: ? - help, Dir - move target, p - enormous slime creature Gravity reorients around empty space.
Casting: Gell's Gravitas (dangerous; 4% risk of failure)
Confirm with . or Enter, or press ? or * to list all spells.
Aiming: Passwall (safe; 1% risk of failure)
Press: ? - help, Dir - move target A rock wall.
The enormous slime creature misses you.
You begin to meditate on the wall.
You continue meditating on the rock.
The enormous slime creature hits you!!!
Ouch! That really hurt!
You die...

# ######.......# # #.......# #
###......)# # ..........)### #
.............# # ........(.##.# #
..........##.# # .........###.# #
########.# #@# # #.# #J#
############## #.#
......8#.....###.#
#.#....#.)...#...######
#.#.>..')._..###......#
#.#....#.....#...####.#### ####
#.#...8#.....##..........## ##.#.
#.#...#########..#........###.#..


You could see an enormous slime creature.

Vanquished Creatures
  Harold (D:7)
  Fannar (D:12)
  A merfolk avatar (Lair:6)
  3 boulder beetles
  4 hydras
  A catoblepas (Lair:3)
  4 two-headed ogres
  A lindwurm (Lair:6)
  A harpy (Lair:6)
  An ugly thing (D:11)
  A manticore (Lair:6)
  A cyclops (D:12)
  Maurice (D:9)
  2 black mambas
  3 cane toads
  5 elephants
  2 rime drakes
  6 komodo dragons
  A troll (D:12)
  3 wind drakes
  2 slime creatures (D:12)
  2 snapping turtles (Lair:6)
  2 hornets
  30 blink frogs
  7 polar bears
  6 wyverns
  A wraith (D:7)
  44 yaks
  3 basilisks
  7 vampire mosquitoes (D:12)
  A steam dragon (Lair:6)
  An acid dragon (D:12)
  8 water moccasins
  2 orc warriors
  3 ice beasts
  3 sky beasts
  2 necrophages
  2 ogres
  11 wolves
  7 centaurs
  3 kobold brigands
  12 bullfrogs
  2 wyvern zombies
  A gnoll sergeant (D:9)
  3 scorpions
  A water moccasin zombie (D:6)
  3 killer bees (D:8)
  7 wights
  5 howler monkeys
  2 hounds
  A bullfrog zombie (D:6)
  7 orc priests
  6 centaur zombies
  2 bullfrog skeletons
  3 centaur skeletons
  3 jellies
  Terence (D:2)
  A gnoll shaman (D:8)
  2 iguanas
  9 orc wizards
  A mummy (D:6)
  2 howler monkey zombies
  10 gnolls
  A howler monkey skeleton (D:7)
  11 adders
  4 river rats
  12 white imps (Lair:4)
  3 worms
  A dart slug (D:2)
  35 orcs
  9 ball pythons
  4 bats
  6 endoplasms
  5 giant cockroaches
  3 goblins
  4 hobgoblins
  3 jackals (D:1)
  15 kobolds
  3 quokkas
  4 frilled lizards
  A hobgoblin zombie (D:6)
  A kobold zombie (D:6)
  2 orc zombies (D:6)
  5 rats
406 creatures vanquished.

Vanquished Creatures (others)
  29 fungi
  100 plants
129 creatures vanquished.

Grand Total: 535 creatures vanquished

Notes
Turn   | Place    | Note
-------+----------+-------------------------------------------
     0 | D:1      | raph the Deep Elf Earth Elementalist began the quest for
                  | the Orb.
     0 | D:1      | Reached XP level 1. HP: 10/10 MP: 6/6
   173 | D:1      | Reached XP level 2. HP: 6/15 MP: 6/8
   538 | D:1      | Learned a level 2 spell: Passwall
   898 | D:1      | Found a faded altar of an unknown god.
   903 | D:1      | You fall into a shaft and drop 1 floor!
  1284 | D:2      | Reached XP level 3. HP: 19/20 MP: 9/9
  1288 | D:2      | Learned a level 3 spell: Stone Arrow
  1446 | D:2      | Reached skill level 4 in Earth Magic
  1630 | D:2      | Noticed Terence
  1634 | D:2      | Killed Terence
  1635 | D:2      | Reached skill level 1 in Fighting
  1635 | D:2      | Reached XP level 4. HP: 25/25 MP: 5/11
  2043 | D:3      | Learned a level 2 spell: Poisonous Vapours
  2088 | D:3      | Found a bloodstained altar of Trog.
  2301 | D:3      | Found Umaowo's General Store.
  2311 | D:3      | Bought a scroll of identify for 28 gold pieces
  2313 | D:3      | Bought a scroll of teleportation for 42 gold pieces
  2927 | D:4      | Reached XP level 5. HP: 26/29 MP: 6/12
  3322 | D:4      | Found Adolyjil's Overcharged Wands.
  3353 | D:4      | Reached skill level 1 in Poison Magic
  3461 | D:4      | Reached skill level 1 in Conjurations
  3461 | D:4      | Reached skill level 5 in Earth Magic
  3627 | D:4      | Reached XP level 6. HP: 34/34 MP: 9/14
  4692 | D:4      | You fall into a shaft and drop 2 floors!
  4755 | D:5      | Entered Level 5 of the Dungeon
  4894 | D:5      | Learned a level 4 spell: Petrify
  5046 | D:5      | Reached XP level 7. HP: 39/39 MP: 11/16
  5219 | D:5      | Found a glowing drain.
  5270 | Sewer    | Entered a sewer
  5540 | Sewer    | Reached skill level 5 in Spellcasting
  5967 | Sewer    | Learned a level 4 spell: Olgreb's Toxic Radiance
  6057 | Sewer    | Reached skill level 6 in Earth Magic
  6540 | D:5      | Found a runed translucent gate.
  6541 | D:5      | Found a runed translucent gate.
  6541 | D:5      | Noticed YannSP's ghost (novice OpTm)
  6542 | D:5      | Found a runed translucent gate.
  6680 | D:5      | Reached XP level 8. HP: 45/45 MP: 9/18
  7075 | D:5      | Reached skill level 5 in Stealth
  8166 | D:6      | Found a staircase to the Ecumenical Temple.
  8181 | D:6      | Reached skill level 5 in Dodging
  8190 | Temple   | Entered the Ecumenical Temple
  8377 | Temple   | Became a worshipper of Sif Muna the Loreminder
  8456 | D:6      | Reached skill level 7 in Earth Magic
  9223 | D:7      | Found a runed translucent door.
  9223 | D:7      | Found a shimmering altar of Xom.
  9223 | D:7      | Noticed a +1 mace of chaos
  9223 | D:7      | Noticed othur's ghost (novice MiFi)
  9341 | D:7      | Reached XP level 9. HP: 41/51 MP: 10/20
  9626 | D:7      | Reached skill level 8 in Earth Magic
  9710 | D:7      | Noticed a boulder beetle
  9724 | D:7      | Killed a boulder beetle
  9892 | D:7      | Noticed a two-headed ogre
 10042 | D:7      | Noticed a purple ugly thing
 10042 | D:7      | Noticed a seven-headed hydra
 10125 | D:7      | Killed a two-headed ogre
 10126 | D:7      | Reached skill level 5 in Conjurations
 10126 | D:7      | Reached skill level 9 in Earth Magic
 10126 | D:7      | Reached skill level 5 in Poison Magic
 10126 | D:7      | Reached XP level 10. HP: 56/56 MP: 14/23
 10280 | D:7      | Noticed Harold
 10532 | D:7      | Killed Harold
 10532 | D:7      | Reached * piety under Sif Muna
 10533 | D:7      | Reached skill level 1 in Invocations
 10804 | D:7      | Found an ornate altar of the Wu Jian Council.
 10804 | D:7      | Found a basalt altar of Yredelemnul.
 11623 | D:3      | Bought a scroll of blinking for 105 gold pieces
 11925 | D:8      | Found a staircase to the Lair.
 12077 | Lair:1   | Entered Level 1 of the Lair of Beasts
 12104 | Lair:1   | Identified the +7 lajatang of Valour {vorpal, +Rage rN+
                  | MP-9 Str+2 Stlth+}
 12249 | Lair:1   | Identified a scroll of acquirement
 12249 | Lair:1   | Acquired the Guide on Damage Dealing and Shape Shifting
 12289 | Lair:1   | Learned a level 6 spell: Iron Shot
 12584 | Lair:1   | Learned a level 1 spell: Apportation
 12584 | Lair:1   | Identified the +1 leather armour of a wizard's laboratory
                  | {rN++ Str+3 Slay+3}
 13262 | Lair:2   | Found a staircase to the Shoals.
 13306 | Lair:2   | Reached XP level 11. HP: 53/62 MP: 25/25
 13520 | Lair:2   | Reached skill level 10 in Earth Magic
 14029 | Lair:2   | Reached ** piety under Sif Muna
 14887 | Lair:3   | Found a runed translucent gate.
 14887 | Lair:3   | Found a runed translucent gate.
 14887 | Lair:3   | Found a runed translucent gate.
 15069 | Lair:3   | Reached skill level 5 in Fighting
 15075 | Lair:3   | Learned a level 3 spell: Mephitic Cloud
 15413 | Lair:3   | Noticed a catoblepas
 15422 | Lair:3   | Killed a catoblepas
 15423 | Lair:3   | Reached skill level 5 in Invocations
 15774 | Lair:3   | Noticed a minotaur
 15776 | Lair:3   | Noticed Foabaekk's ghost (journeyman GrMo)
 16380 | Lair:4   | Found a frozen archway.
 16676 | Lair:4   | Reached XP level 12. HP: 68/68 MP: 2/27
 16979 | Lair:4   | Reached *** piety under Sif Muna
 17013 | Lair:4   | Reached skill level 1 in Short Blades
 17017 | Lair:4   | Reached skill level 11 in Earth Magic
 17407 | Lair:4   | Found a hole to the Spider Nest.
 17481 | Lair:5   | Noticed an eight-headed hydra
 17768 | Lair:5   | Found a hazy altar of Hepliaklqana.
 18683 | Lair:5   | Killed an eight-headed hydra
 18855 | Lair:6   | Entered Level 6 of the Lair of Beasts
 20117 | Lair:5   | Reached skill level 10 in Spellcasting
 20847 | Lair:6   | Learned a level 3 spell: Gell's Gravitas
 20907 | Lair:6   | Noticed a five-headed hydra
 20911 | Lair:6   | Noticed a boulder beetle
 21254 | Lair:6   | Killed a boulder beetle
 21255 | Lair:6   | Reached XP level 13. HP: 74/74 MP: 11/29
 21374 | Lair:6   | Reached **** piety under Sif Muna
 21794 | Lair:6   | Found a staircase to the Slime Pits.
 22679 | Lair:6   | Reached skill level 10 in Stealth
 23786 | D:9      | Found a glowing silver altar of Zin.
 23787 | D:9      | Noticed an angel
 24120 | D:9      | Noticed Maurice
 24136 | D:9      | Killed Maurice
 24349 | D:9      | Reached skill level 12 in Earth Magic
 24864 | D:10     | Entered Level 10 of the Dungeon
 25697 | D:11     | Reached skill level 5 in Short Blades
 26047 | D:11     | Reached skill level 10 in Conjurations
 26103 | D:11     | Found Jik Qulosa's Magic Scroll Emporium.
 26111 | D:11     | Bought a scroll of enchant weapon for 120 gold pieces
 26111 | D:11     | Bought a scroll of fear for 56 gold pieces
 26223 | D:11     | Found a portal to a secret trove of treasure.
 26730 | D:12     | Learned a level 5 spell: Iskenderun's Battlesphere
 26962 | D:12     | Reached skill level 1 in Armour
 27399 | D:12     | Noticed Fannar
 27404 | D:12     | Killed Fannar
 27602 | D:12     | Found a staircase to the Orcish Mines.
 27845 | D:12     | Demolished by an enormous slime creature

Illustrated notes

Levels and vault maps discovered:
D:1:      lemuel_arrival_lava_pool, layout_rooms, ebering_ecumenical_altar_box
D:2:      layout_loops_ring, serial_glass, glass_columns_c, glass_columns_b,
          uniq_terence
D:3:      layout_rooms, overflow_temple_1_default, serial_shops, shop_fountains
D:4:      layout_gridville, minivault_24, nicolae_shop_overcharged_wands
D:5:      layout_loops_corners, portal_sewer_entry_a,
          gammafunk_ghost_nasty_kobolds
D:6:      layout_rooms, minmay_temple_entry_overgrown,
          chequers_serial_rivers_micro_c, grunt_decor_arrowhead,
          minmay_mini_ossuary
D:7:      layout_gridville, gammafunk_temple_overflow_wave, ebering_ghost_xom,
          minmay_shattered_shrine, uniq_harold
D:8:      layout_rooms, david_lair_shrubbed
D:9:      layout_roguey, zin_angel, uniq_maurice
D:10:     layout_cross, serial_bayou_pond_c
D:11:     layout_long_grid, nicolae_trove_entry_free_sample, serial_shops, shop
D:12:     layout_loops_cross, minmay_orc_entry_temple_small, uniq_snorg,
          uniq_fannar
Temple:   regret_index_temple_mists
Lair:1:   layout_cave_pods
Lair:2:   layout_cave_pods, shoals_dummy_entry, serial_bayou_shore_b,
          lemuel_fruit_fields, serial_bayou_shore_b
Lair:3:   layout_gridlike, maelrawn_ghost_gauntlet_escape
Lair:4:   layout_long_grid, spider_nest_entry_funnel_web,
          portal_ice_cave_entry_imps, grunt_forest_small_clearings
Lair:5:   layout_regular_city, basic_altar, serial_bayou_pond_e,
          infiniplex_staircase_pool
Lair:6:   gammafunk_lair_ancient_temple, layout_small_grid,
          dpeg_slime_entry_corner, nicolae_volcano_entry_vermiform

Skill      XL: |  1  2  3  4  5  6  7  8  9 10 11 12 13 |
---------------+----------------------------------------+-----
Stealth        | 3 4 6 7 8 9 10 | 10.4
Earth Magic    | 4 5 6 7 9 10 11 12 | 12.3
Fighting       | 1 2 3 4 5 6 |  6.3
Dodging        | 3 4 5 6 7 8 9 |  9.5
Spellcasting   | 4 5 6 7 8 9 10 | 10.6
Poison Magic   | 1 2 4 5 6 7 8 |  8.1
Conjurations   | 1 2 4 5 6 8 9 10 | 10.2
Invocations    | 3 5 7 8 |  8.6
Short Blades   | 3 5 |  5.5
Armour         | 1 |  1.3
Translocations | |  0.8
Transmutations | |  1.1

Action                   |  1- 3 |  4- 6 |  7- 9 | 10-12 | 13-15 || total
-------------------------+-------+-------+-------+-------+-------++-------
Melee: Short sword       |    37 |    17 |    19 |       |       ||    73
       Dagger            |       |       |     2 |     9 |       ||    11
       Rapier            |       |       |       |    80 |    90 ||   170
 Cast: Sandblast         |    31 |    41 |    94 |    89 |    19 ||   274
       Stone Arrow       |     5 |    18 |    57 |    51 |     3 ||   134
       Poisonous Vapours |       |    12 |    44 |    26 |     3 ||    85
       Passwall          |       |     1 |     1 |       |     1 ||     3
       Olgreb's Toxic Ra |       |       |     5 |    49 |    23 ||    77
       Apportation       |       |       |       |     9 |     4 ||    13
       Iron Shot         |       |       |       |    39 |    89 ||   128
       Gell's Gravitas   |       |       |       |       |     1 ||     1
Invok: Channel Magic     |       |       |       |     2 |     2 ||     4
Evoke: Wand              |       |       |     1 |     2 |       ||     3
  Use: Scroll            |       |     9 |     6 |    11 |     8 ||    34
       Potion            |       |       |     1 |     2 |     1 ||     4
 Stab: Sleeping          |     1 |       |       |     2 |       ||     3
Armor: Robe              |    26 |     9 |    14 |     5 |       ||    54
       Leather armour    |       |       |       |    68 |    24 ||    92
Dodge: Dodged            |    39 |    15 |    60 |   226 |    89 ||   429
